 Dungeon Crawl Stone Soup version 0.31.0-1-g2c135a0 (webtiles) character file.

Game seed: 13361067337051556839

2442 retro the Spear-Bearer (level 9, 0/75 HPs)
             Began as a Merfolk Gladiator on Apr 20, 2024.
             Was a Priest of Trog.
             Engulfed by a steam dragon's steam (7 damage)
             ... on level 7 of the Dungeon.
             The game lasted 00:27:39 (5606 turns).

retro the Spear-Bearer (Merfolk Gladiator)          Turns: 5606, Time: 00:27:39

Health: 0/75       AC:  4    Str: 18    XL:     9   Next: 49%
Magic:  9/9        EV: 21    Int:  8    God:    Trog [***...]
Gold:   308        SH:  0    Dex: 15    Spells: 8/8 levels left

rFire   x . .        v - +5 spear
rCold   + . .        (no shield)
rNeg    . . .        b - +0 leather armour
rPois   .            h - +0 helmet
rElec   .            (no cloak)
rCorr   .            (no gloves)
SInv    .            (no boots)
Will    .....        x - amulet of faith
Stlth   +            m - +5 ring of evasion
HPRegen 0.32/turn    H - ring of ice
MPRegen 0.11/turn

%: faith
@: no status effects
A: (nimble swimmer 2), mertail
a: Renounce Religion, Berserk, Trog's Hand


You were on level 7 of the Dungeon.
You worshipped Trog.
Trog was most pleased with you.
You visited 1 branch of the dungeon, and saw 7 of its levels.
You also visited: Sewer.

You collected 308 gold pieces.

Inventory:

Hand Weapons
 a - a +0 trident
 g - a +4 mace
 v - a +5 spear (weapon)
Missiles
 d - 2 throwing nets (quivered)
 e - a javelin
 f - 2 curare-tipped darts
 B - 36 poisoned darts
Armour
 b - a +0 leather armour (worn)
 c - a +0 helmet
 h - a +0 helmet (worn)
Jewellery
 m - a +5 ring of evasion (left hand)
 x - an amulet of faith (around neck)
 H - a ring of ice (right hand)
Wands
 w - a wand of polymorph (9)
Scrolls
 i - 2 scrolls of immolation {unknown}
 j - a scroll of butterflies {unknown}
 k - a scroll of poison {unknown}
 q - 2 scrolls of enchant armour {unknown}
 r - a scroll of fear {unknown}
 y - 2 scrolls of teleportation {unknown}
 A - a scroll of revelation {unknown}
 C - a scroll of brand weapon {unknown}
 D - a scroll of amnesia {unknown}
 E - a scroll of blinking {unknown}
 I - a scroll of enchant weapon {unknown}
Potions
 l - a potion of attraction
 n - a potion of might {unknown}
 o - 3 potions of lignification {unknown}
 p - a potion of resistance {unknown}
 t - a potion of mutation {unknown}
 u - a potion of brilliance {unknown}
 z - a potion of invisibility {unknown}
 F - 2 potions of magic {unknown}


   Skills:
 + Level 8.4 Fighting
 + Level 10.5 Polearms
 - Level 2.0 Throwing
 - Level 0.6 Armour
 + Level 9.6 Dodging
 - Level 0.6 Stealth


You had 8 spell levels left.
You didn't know any spells.
Your spell library contained the following spells:

 Spells                   Type           Power      Damage    Failure   Level
 Apportation              Tloc           0%         N/A       45%         1
 Freeze                   Ice            0%         1d3       45%         1
 Slow                     Hex            0%         N/A       45%         1
 Cigotuvi's Dreadful Rot  Necr/Alch/Air  0%         N/A       61%         2
 Jinxbite                 Hex            0%         N/A       61%         2
 Scorch                   Fire           0%         2d5       61%         2
 Confusing Touch          Hex            0%         N/A       83%         3
 Frozen Ramparts          Ice            0%         1d1       83%         3
 Hailstorm                Conj/Ice       0%         3d5       83%         3
 Sigil of Binding         Hex            0%         N/A       83%         3
 Vampiric Draining        Necr           0%         2d6       83%         3
 Dispel Undead            Necr           0%         3d6       99%         4
 Martyr's Knell           Necr/Summ      0%         N/A       99%         4
 Alistair's Intoxication  Alch           0%         N/A       100%        5
 Curse of Agony           Necr           0%         N/A       100%        5
 Death Channel            Necr           0%         N/A       100%        6
 Death's Door             Necr           0%         N/A       100%        9


Dungeon Overview and Level Annotations

Branches:
Dungeon (7/15)              Sewer (visited)
 Temple: D:4-7

Altars:
Ashenzari
Cheibriados
Hepliaklqana
Trog
Uskayaw

Shops:
D:6 [=


Innate Abilities, Weirdness & Mutations

((You are very nimble when in or above water. (Stealth+, EV+, Speed+++)))
Your lower body shifts to a powerful aquatic tail in water.


Message History

You hit the scorpion.
The scorpion is moderately wounded.
The scorpion stings you.
You hit the scorpion.
The scorpion is severely wounded.
The steam dragon misses you.
The steam dragon claws you but does no damage.
The scorpion stings you but does no damage.
You hit the scorpion.
The scorpion is severely wounded.
The steam dragon breathes steam at you. The ball of steam misses you.
You hear a shout!
You hit the scorpion.
The scorpion is almost dead.
You are engulfed in a cloud of scalding steam.
The scorpion completely misses you.
You hit the scorpion but do no damage.
The scorpion is almost dead.
The scorpion closely misses you. The steam dragon closely misses you.
The steam dragon claws you.
You hit the scorpion.
You kill the scorpion!
Trog accepts your kill.
You hit the steam dragon.
The steam dragon is lightly wounded.
The steam dragon barely misses you. The steam dragon completely misses you.
You puncture the steam dragon!
The steam dragon is heavily wounded.
The steam dragon misses you. The steam dragon claws you.
You closely miss the steam dragon.
The steam dragon is heavily wounded.
An ufetubus comes into view.
You hit the steam dragon.
The steam dragon is heavily wounded.
The steam dragon breathes steam at you. The ball of steam hits you!!
The steam scalds you terribly!
* * * LOW HITPOINT WARNING * * *
You are engulfed in a cloud of scalding steam.
You die...

...♣♣.
#....##
#..P..# #.
.P... ...
.... .. . #
#..#.#...
#.#D..5....
#.)@..#
####..# ..#
.## ##


You could see a steam dragon (catching breath) and an ufetubus.

Vanquished Creatures
  Eustachio (D:6)
  A water moccasin (D:6)
  A sky beast (D:6)
  An ice beast (D:3)
  A black bear (D:5)
  6 kobold brigands (Sewer)
  A bullfrog (D:7)
  A scorpion (D:7)
  3 wights
  5 killer bees
  A howler monkey (D:5)
  2 hounds
  A jelly (D:5)
  2 bombardier beetles
  A gnoll bouda (D:5)
  4 orc priests
  4 iguanas
  5 orc wizards
  Robin (D:2)
  7 gnolls
  A river rat (Sewer)
  14 adders
  A shadow imp (D:5)
  A white imp (D:6)
  6 dart slugs
  7 ribbon worms
  31 orcs
  8 ball pythons
  6 endoplasms
  10 giant cockroaches
  17 goblins
  6 hobgoblins
  5 jackals
  11 kobolds
  6 quokkas
  8 bats
  3 frilled lizards
  9 rats
199 creatures vanquished.

Vanquished Creatures (others)
  An orc wizard (D:4)
1 creature vanquished.

Grand Total: 200 creatures vanquished

Notes
Turn   | Place    | Note
-------+----------+-------------------------------------------
     0 | D:1      | retro the Merfolk Gladiator began the quest for the Orb.
     0 | D:1      | Reached XP level 1. HP: 16/16 MP: 1/1
   110 | D:1      | Reached XP level 2. HP: 17/23 MP: 2/2
   204 | D:2      | Reached skill level 5 in Polearms
   296 | D:2      | Reached XP level 3. HP: 28/28 MP: 3/3
   758 | D:2      | Reached XP level 4. HP: 26/34 MP: 4/4
   976 | D:2      | Reached skill level 6 in Polearms
   987 | D:2      | Reached XP level 5. HP: 15/41 MP: 5/5
  1044 | D:2      | Noticed Robin
  1053 | D:2      | HP: 2/41 [Robin/+4 mace (10)]
  1096 | D:2      | Killed Robin
  1173 | D:2      | Got the Information on Roasted Zombies
  1244 | D:2      | Found a bloodstained altar of Trog.
  1395 | D:2      | Became a worshipper of Trog the Wrathful
  1595 | D:3      | Reached XP level 6. HP: 47/49 MP: 6/6
  1645 | D:3      | Reached * piety under Trog
  1702 | D:3      | Found a hazy altar of Hepliaklqana.
  1907 | D:3      | Noticed an ice beast
  1914 | D:3      | Found a faded altar of an unknown god.
  1945 | D:5      | Entered Level 5 of the Dungeon
  2185 | D:4      | Reached skill level 5 in Dodging
  2411 | D:4      | Reached skill level 5 in Fighting
  2560 | D:4      | Found a glowing drain.
  2578 | Sewer    | Entered a sewer
  2643 | Sewer    | Reached ** piety under Trog
  2644 | Sewer    | Reached skill level 7 in Polearms
  2644 | Sewer    | Reached XP level 7. HP: 50/56 MP: 7/7
  3369 | Sewer    | Reached skill level 8 in Polearms
  3369 | Sewer    | Reached XP level 8. HP: 51/64 MP: 8/8
  4049 | D:5      | Found a hide-covered altar of Uskayaw.
  4053 | D:5      | Found a snail-covered altar of Cheibriados.
  4078 | D:5      | Reached *** piety under Trog
  4079 | D:5      | Reached skill level 9 in Polearms
  4166 | D:5      | Found a broken altar of Ashenzari.
  4256 | D:6      | Found Ykus's Jewellery Shoppe.
  4657 | D:6      | Reached XP level 9. HP: 72/72 MP: 9/9
  4925 | D:7      | Reached skill level 10 in Polearms
  5207 | D:6      | Found Esofaf's Armour Emporium.
  5212 | D:6      | Noticed Eustachio
  5229 | D:6      | Killed Eustachio
  5606 | D:7      | Engulfed by a steam dragon's steam

Illustrated notes

Levels and vault maps discovered:
D:1:      heliophobic_arrival_ceremonial_halls, layout_rooms, skrybe_limestone_x
D:2:      minmay_thinvault, layout_rooms, basic_altar, uniq_robin
D:3:      corexii_shack_village, layout_rooms,
          nicolae_overflow_ecumenical_swirl, nicolae_hepliaklqana_hazy_memory,
          shapermc_ecumenical_altar_petra, nicolae_the_louvre
D:4:      layout_cave_pools, portal_sewer_entry_f
D:5:      layout_basic, nicolae_ashenzari_skybound, grunt_temple_overflow_open
D:6:      layout_gridville, serial_shops, nicolae_lakefront_shop, shop,
          uniq_eustachio
D:7:      layout_basic, demons_altar, minmay_temple_entry_mist, serial_demonic,
          serial_demonic_e, serial_demonic_c, serial_demonic_e,
          serial_demonic_e, minmay_misc_feat_rows, hangedman_decor_opposing

Skill      XL: |  1  2  3  4  5  6  7  8  9 |
---------------+----------------------------+-----
Polearms       | 5 6 7 8 9 10 | 10.5
Fighting       | 3 4 5 6 7 8 |  8.4
Dodging        | 5 6 8 9 |  9.6
Throwing       | |  2.0
Armour         | |  0.6
Stealth        | |  0.6

Action                     |  1- 3 |  4- 6 |  7- 9 || total
---------------------------+-------+-------+-------++-------
  Melee: Trident           |   127 |   101 |       ||   228
         Punch             |     2 |     4 |     6 ||    12
         Mace              |       |   112 |       ||   112
         Spear             |       |    87 |   431 ||   518
         Tailslap          |       |     2 |    14 ||    16
  Throw: Throwing net      |       |     1 |       ||     1
    Use: Potion            |       |     5 |     7 ||    12
   Stab: Sleeping          |     1 |       |     8 ||     9
 Armour: Leather armour    |    73 |   131 |    89 ||   293
  Dodge: Dodged            |   106 |   337 |   239 ||   682
